 Dungeon Crawl Stone Soup version 0.29-a0-25-g7f48f510a0 (webtiles) character file.

Game seed: 2432867488481911830

184 Peloso the Covered (level 5, 0/47 HPs)
             Began as a Minotaur Fighter on Jan 31, 2022.
             Slain by a ball python (2 damage)
             ... on level 3 of the Dungeon.
             The game lasted 00:02:58 (1784 turns).

Peloso the Covered (Minotaur Fighter)               Turns: 1784, Time: 00:02:58

Health: 0/47       AC:  7    Str: 21    XL:     5   Next: 36%
Magic:  4/4        EV:  6    Int:  5    God:
Gold:   52         SH:  4    Dex: 11    Spells: 4/4 levels left

rFire   . . .      SeeInvis .   a - +0 long sword
rCold   . . .      Faith    .   c - +0 buckler
rNeg    . . .      Spirit   .   b - +0 scale mail
rPois   .          Reflect  .   (helmet restricted)
rElec   .          Harm     .   (no cloak)
rCorr   .          Rampage  .   (no gloves)
Will    .....                   (no boots)
Stlth   ..........              (no amulet)
HPRegen 0.15/turn               (no ring)
MPRegen 0.09/turn               (no ring)

@: mighty, constricted
A: horns 2, retaliatory headbutt
a: no special abilities


You were on level 3 of the Dungeon.
You visited 1 branch of the dungeon, and saw 3 of its levels.

You collected 52 gold pieces.

Inventory:

Hand Weapons
 a - a +0 long sword (weapon)
Armour
 b - a +0 scale mail (worn)
 c - a +0 buckler (worn)
Jewellery
 e - a ring of see invisible
 j - a +6 ring of dexterity
Scrolls
 f - a scroll of blinking {unknown}
 h - a scroll of fear
 i - a scroll of magic mapping
Potions
 d - 2 potions of might
 g - a potion of cancellation {unknown}


   Skills:
 + Level 4.3 Fighting
 + Level 4.3 Long Blades
 + Level 5.3 Armour
 + Level 0.6 Dodging
 + Level 0.1 Stealth
 + Level 4.1 Shields


You had 4 spell levels left.
You didn't know any spells.
Your spell library contained the following spells:

 Spells                   Type           Power      Damage    Failure   Level
 Iskenderun's Battlesphe  Conj           0%         2d6       100%        5
 Iron Shot                Conj/Erth      0%         9d1       100%        6
 Spellforged Servitor     Conj/Summ      0%         N/A       100%        7


Dungeon Overview and Level Annotations

Branches:
Dungeon (3/15)

Altars:
Cheibriados


Innate Abilities, Weirdness & Mutations

You have a pair of horns on your head.
You reflexively headbutt those who attack you in melee.


Message History

You see here a +0 dagger.
A sky beast appears from thin air!
Reactivating autopickup.
The sky beast flickers out of sight!
Deactivating autopickup; reactivate with Ctrl-A.
A sky beast appears from thin air!
Reactivating autopickup.
Found a mace.
A worm comes into view.
A ball python comes into view.
Found a chain mail.
The ball python hisses angrily.
You feel very mighty all of a sudden.
The sky beast flickers out of sight!
Deactivating autopickup; reactivate with Ctrl-A.
Something hits you.
* * * LOW HITPOINT WARNING * * *
Something shocks you.
* * * LOW HITPOINT WARNING * * *
You slash something! You headbutt something!
Reactivating autopickup.
You feel a bit more experienced.
Your Long Blades skill increases to level 4!
You have reached level 5!
You closely miss the ball python.
The ball python bites you but does no damage.
The ball python grabs you. The ball python constricts you.
The ball python bites you but does no damage.
The ball python constricts you. The worm barely misses you.
You furiously retaliate!
You headbutt the worm! You barely miss the worm.
The worm is heavily wounded.
The ball python bites you but does no damage.
The ball python constricts you.
Unknown command.
You slash the worm!
You kill the worm!
The ball python bites you but does no damage.
The ball python constricts you. The ball python bites you.
You die...

#.......# #.......#
#....[...# ##.....##
#........# #<......#
#...)....# #.......#
#........#
.####.......###.......
....................
.##..##....#####.S#
##.####.## ##@#
#..#...# #..#
.###....### #†##
.......## #.#
...#.#..# #.# ##
#.##.# #.# #
#.#######.# #.
#....#....# .. #.##
####..Y#### .# #...


You could see a ball python.

Vanquished Creatures
  A sky beast (D:3)
  A centaur skeleton (D:3)
  An adder (D:2)
  3 worms
  A dart slug (D:2)
  3 bats
  3 endoplasms
  3 giant cockroaches
  6 goblins
  4 hobgoblins
  8 jackals
  2 kobolds (D:1)
  4 quokkas
  2 ball pythons
  A frilled lizard (D:1)
  5 rats
48 creatures vanquished.

Notes
Turn   | Place    | Note
-------+----------+-------------------------------------------
     0 | D:1      | Peloso the Minotaur Fighter began the quest for the Orb.
     0 | D:1      | Reached XP level 1. HP: 19/19 MP: 0/0
    89 | D:1      | Reached XP level 2. HP: 25/27 MP: 1/1
   130 | D:1      | Reached skill level 4 in Armour
   728 | D:2      | Found a snail-covered altar of Cheibriados.
   735 | D:2      | Reached XP level 3. HP: 28/33 MP: 2/2
  1642 | D:3      | Reached skill level 5 in Armour
  1642 | D:3      | Reached XP level 4. HP: 40/40 MP: 3/3
  1689 | D:3      | Found a faded altar of an unknown god.
  1706 | D:3      | Noticed a sky beast
  1726 | D:3      | HP: 2/40 [sky beast (6)]
  1779 | D:3      | HP: 1/40 [something (5)]
  1780 | D:3      | Killed a sky beast
  1781 | D:3      | Reached XP level 5. HP: 2/47 MP: 4/4
  1784 | D:3      | Slain by a ball python

Illustrated notes

Levels and vault maps discovered:
D:1:      psy_arrival_statuary, layout_rooms
D:2:      layout_basic, basic_altar
D:3:      layout_rooms, nicolae_dithmenos_shadow_blocks,
          dreamdust_ecumenical_altar_statues

Skill      XL: |  1  2  3  4 |
---------------+-------------+-----
Armour         | 4 5 |  5.3
Fighting       | 4 |  4.3
Shields        | 4 |  4.1
Long Blades    | 3 4 |  4.3
Dodging        | |  0.6
Stealth        | |  0.1

Action                   |  1- 3 |  4- 6 || total
-------------------------+-------+-------++-------
Melee: Long sword        |    90 |    20 ||   110
       Headbutt          |    16 |     4 ||    20
  Use: Scroll            |     3 |       ||     3
       Potion            |     1 |     1 ||     2
Armor: Scale mail        |    53 |    11 ||    64
Dodge: Dodged            |    44 |     4 ||    48
Block: Buckler           |    12 |     6 ||    18

Table legend: (Time is in decaauts)
 A = Elapsed time spent in this place.
 B = Non-inter-level travel time spent in this place.
 C = Inter-level travel time spent in this place.
 D = Time resting spent in this place.
 E = Time spent auto-exploring this place.
 F = Levels seen in this place.
 G = Mean time per level.
                   A        B        C        D        E       F      G
               +--------+--------+--------+--------+--------+-----+--------+
         Total |   1828 |   1797 |     31 |      0 |   1386 |   3 |  609.3 |
       Dungeon |   1828 |   1797 |     31 |      0 |   1386 |   3 |  609.3 |
               +--------+--------+--------+--------+--------+-----+--------+

Top non-repeatable levels by time:
     D:2: 957 daAuts
     D:1: 716 daAuts
     D:3: 153 daAuts
